 Dungeon Crawl Stone Soup version 0.20.1-1-g8b1a95d (webtiles) character file.

56 juanjsm the Sneak (level 3, 0/16 HPs)
             Began as a Spriggan Enchanter on July 28, 2017.
             Slain by an orc priest
             ... wielding a +0 dagger
              (5 damage)
             ... on level 3 of the Dungeon on July 29, 2017.
             The game lasted 00:23:05 (2528 turns).

juanjsm the Sneak (Spriggan Enchanter)              Turns: 2528, Time: 00:23:05

Health: 0/16       AC:  0    Str:  4    XL:     3   Next: 69%
Magic:  3/9        EV: 17    Int: 17    God:
Gold:   135        SH:  0    Dex: 16    Spells: 3/9 levels left

rFire    . . .     SeeInvis +   a - +1 dagger
rCold    . . .     Gourm    .   (shield restricted)
rNeg     . . .     Faith    .   b - +0 robe
rPois    .         Spirit   .   (helmet restricted)
rElec    .         Reflect  .   (no cloak)
rCorr    .         Harm     .   (gloves unavailable)
MR       .....     Rnd*Tele +   (boots unavailable)
Stlth    ++........             s - amulet of magic regeneration
Regen    0.1/turn               g - ring of teleportation (curse)
MPRegen  0.2/turn               j - -2 ring of protection (curse)

@: very slightly contaminated, heavily drained, very quick
A: unfitting armour, see invisible, herbivore 3, speed 3, slow metabolism 2
a: no special abilities


You were on level 3 of the Dungeon.
You were full.

You visited 1 branch of the dungeon, and saw 3 of its levels.

You collected 135 gold pieces.

Inventory:

Hand Weapons
 a - a +1 dagger (weapon)
Armour
 b - a +0 robe (worn)
Jewellery
 g - a cursed ring of teleportation (left hand)
 j - a cursed -2 ring of protection (right hand)
 n - an uncursed amulet of harm
 o - an uncursed ring of poison resistance {unknown}
 s - an amulet of magic regeneration (around neck)
Scrolls
 e - 3 scrolls of fog {unknown}
 f - a scroll of enchant weapon {unknown}
 i - a scroll of random uselessness {unknown}
 k - 3 scrolls of remove curse {unknown}
 m - 2 scrolls of recharging {unknown}
 q - 2 scrolls of identify {unknown}
 r - 2 scrolls of magic mapping {unknown}
 t - a scroll of fear {unknown}
Potions
 h - a potion of cancellation {unknown}
 l - a potion of berserk rage {unknown}
 u - a potion of haste {unknown}
Books
 c - a book of Maledictions

   Spells                             Type                      Level
   a - Corona                         Hexes                        1
   b - Ensorcelled Hibernation        Hexes/Ice                    2
   c - Confuse                        Hexes                        3
   d - Tukima's Dance                 Hexes                        3
   e - Dazzling Spray                 Conjuration/Hexes            3
 p - a book of Misfortune

   Spells                             Type                      Level
   a - Confusing Touch                Hexes                        1
   b - Confuse                        Hexes                        3
   c - Gell's Gravitas                Translocation                3
   d - Petrify                        Transmutation/Earth          4
   e - Metabolic Englaciation         Hexes/Ice                    5
   f - Yara's Violent Unravelling     Hexes/Transmutation          5
Comestibles
 d - a bread ration


   Skills:
 + Level 0.2(0.0) Fighting
 + Level 1.5(0.1) Short Blades
 + Level 3.7(2.1) Dodging
 + Level 4.8(3.2) Stealth
 + Level 3.5(2.0) Spellcasting
 + Level 4.2(2.6) Hexes


You had 3 spell levels left.
You knew the following spells:

 Your Spells              Type           Power        Failure   Level  Hunger
a - Corona                Hex            ##.....      7%          1    #......
b - Ensorcelled Hibernat  Hex/Ice        #.....       17%         2    ###....
c - Confuse               Hex            ##......     21%         3    ###....


Dungeon Overview and Level Annotations

Branches:
Dungeon (3/15)

Altars:
Ashenzari
Cheibriados
Makhleb
Okawaru
Qazlal

Annotations:
D:2 Sigmund


Innate Abilities, Weirdness & Mutations

You are very small and have problems with some larger weapons.
You are too small for most types of armour.
You have supernaturally acute eyesight. (SInv)
You are a herbivore.
You cover ground extremely quickly.
You need consume almost no food.


Message History

Your surroundings suddenly seem different.
An orc wizard comes into view. It is wielding a dagger.
The orc wizard shouts!
An orc comes into view.
It is wielding a war axe of electrocution.
The orc shouts!
An orc comes into view.
The orc shouts!
An orc comes into view. It is wielding a whip.
The orc shouts!
An orc comes into view. It is wielding a dagger.
The orc shouts!
The goblin shouts!
You hear a shout!
The orc completely misses you.
A worm comes into view.
The orc priest shouts!
The orc shouts!
The orc priest shouts!
The orc barely misses you. The orc priest completely misses you.
The orc priest hits you with a dagger.
You die...

#.# #..# #.## #..#####.
...#############...=.....
#................^#####..
##.################ ##.# ####
################### ##.######..#
#........o........#
........#..####..oo...o(......###
#######.##.#.#o.@...oo.g...w...#.
#...#.#÷(.oo...o⌠.........#
####.#(#..........(......#.
#..####...............### #..#
#......(..........# ####
#################### #.# #..# #
#.### ##.# # #... #.###


You could see 2 orc priests, an orc wizard, 7 orcs and a goblin.

Vanquished Creatures
  A worm (D:2)
  2 leopard geckos
  2 ball pythons
  7 bats
  2 giant cockroaches
  4 goblins
  9 hobgoblins
  3 jackals (D:1)
  3 kobolds
  A quokka (D:3)
  7 frilled lizards
  7 rats
48 creatures vanquished.

Notes
Turn   | Place    | Note
-------+----------+-------------------------------------------
     0 | D:1      | juanjsm the Spriggan Enchanter began the quest for the Orb.
     0 | D:1      | Reached XP level 1. HP: 9/9 MP: 5/5
   327 | D:1      | Reached XP level 2. HP: 10/13 MP: 6/6
   339 | D:1      | Learned a level 2 spell: Ensorcelled Hibernation
   660 | D:2      | Noticed Sigmund
   715 | D:2      | Reached XP level 3. HP: 14/16 MP: 5/8
   720 | D:2      | Learned a level 3 spell: Confuse
   853 | D:2      | Found a stormy altar of Qazlal.
  2031 | D:3      | Found an iron altar of Okawaru.
  2044 | D:3      | Found a snail-covered altar of Cheibriados.
  2382 | D:3      | Found a shattered altar of Ashenzari.
  2487 | D:3      | Found a burning altar of Makhleb.
  2528 | D:3      | Slain by an orc priest

Skill      XL: |  1  2 |
---------------+-------+-----
Spellcasting   | 3 |  3.5
Hexes          | 4 |  4.2
Fighting       | |  0.2
Short Blades   | |  1.5
Dodging        | |  3.7
Stealth        | |  4.8

Action                   || total
-------------------------++-------
Melee: Dagger            ||   119
 Cast: Corona            ||     7
       Ensorcelled Hiber ||    38
       Confuse           ||     4
 Stab: Sleeping          ||    36
  Eat: Bread ration      ||     1
       Royal jelly       ||     1
Armor: Robe              ||     6
Dodge: Dodged            ||   101
